Map: 월드 오브 슬리퍼스 - 래더

Players

MaNa

  • Race: Protoss Protoss
  • Spawn Location: 7:00

Zoun - Winner!

  • Race: Protoss Protoss
  • Spawn Location: 1:00

Event: IEM Katowice 2020

VOD

Have the link to the VOD?

Description

Time

  • Played on: Feb. 24, 2020, 7:05 a.m.
  • Length: 13:23

All games in this series

Show
View Real Time Build Order
Export as new Build Order

MaNa Protoss 

Build Orders:  

Get SALT Encoding   

  12  0:00  Probe  
  13  0:12  Probe  
  14  0:17  Pylon  
  14  0:24  Probe (Chrono Boost)  
  15  0:37  Probe (Chrono Boost)  
  15  0:38  Gateway  
  16  0:43  Probe (Chrono Boost)  
  16  0:46  Assimilator  
  17  0:51  Probe  
  17  0:53  Assimilator  
  18  1:03  Probe (Chrono Boost)  
  19  1:08  Gateway  
  19  1:12  Probe (Chrono Boost)  
  19  1:18  Probe  
  21  1:25  Cybernetics Core  
  21  1:30  Probe  
  22  1:33  Pylon  
  22  1:42  Probe  
  24  1:54  Probe  
  24  2:02  Warp Gate, Stalker x2  
  24  2:06  Probe  
  29  2:10  Shield Battery  
  29  2:16  Pylon  
  29  2:22  Probe  
  34  2:37  Probe  
  34  2:43  Stalker x2  
  34  2:45  Robotics Facility  
  34  2:49  Probe  
  35  2:53  Pylon  
  35  3:16  Nexus  
  35  3:22  Shield Battery  
  35  3:26  Sentry  
  39  3:27  Sentry  
  39  3:30  Probe  
  39  3:32  Observer (Chrono Boost)  
  39  3:43  Probe  
  40  3:51  Immortal (Chrono Boost)  
  40  3:55  Probe  
  45  4:01  Stalker  
  47  4:20  Pylon, Observer  
  47  4:22  Twilight Council  
  47  4:27  Probe (Chrono Boost)  
  47  4:28  Probe (Chrono Boost)  
  49  4:36  Forge  
  49  4:37  Probe x2 (Chrono Boost)  
  51  4:42  Probe (Chrono Boost)  
  51  4:43  Probe (Chrono Boost)  
  51  4:44  Observer  
  54  4:51  Observer  
  54  4:54  Probe (Chrono Boost)  
  54  4:57  Blink (Chrono Boost)  
  54  4:59  Probe (Chrono Boost)  
  56  5:01  Probe (Chrono Boost)  
  56  5:05  Protoss Ground Weapons Level 1 (Chrono Boost)  
  56  5:06  Probe  
  58  5:08  Probe  
  58  5:09  Observer  
  59  5:15  Assimilator  
  59  5:16  Assimilator  
  59  5:20  Probe (Chrono Boost)  
  61  5:21  Probe (Chrono Boost)  
  61  5:26  Stalker  
  61  5:27  Pylon  
  63  5:29  Stalker  
  63  5:31  Probe (Chrono Boost)  
  63  5:34  Probe (Chrono Boost)  
  63  5:35  Pylon  
  67  5:36  Probe (Chrono Boost)  
  68  5:47  Immortal (Chrono Boost)  
  72  5:56  Stalker x2  
  74  6:01  Probe x2  
  73  6:11  Gateway  
  73  6:12  Gateway  
  73  6:14  Gateway  
  73  6:15  Gateway  
  73  6:23  Warp Prism (Chrono Boost)  
  73  6:27  Stalker  
  73  6:30  Stalker  
  79  6:37  Pylon  
  79  6:49  Pylon  
  79  6:52  Pylon  
  79  6:53  Stalker x2  
  82  7:11  Stalker x4  
  90  7:25  Nexus  
  90  7:36  Stalker  
  90  7:37  Stalker x4  
  98  7:41  Stalker x6  
  72  8:01  Warp Prism  
  74  8:07  Dark Shrine  
  74  8:19  Stalker x4  
  74  8:54  Pylon  
  74  9:01  Photon Cannon, Stalker x5  
  84  9:03  Stalker  
  86  9:13  Observer (Chrono Boost)  
  82  9:24  Dark Templar x5  
  82  9:26  Observer (Chrono Boost)  
  82  9:27  Stalker  
  82  9:54  Stalker  
  82  9:56  Stalker  
  61  10:43  Nexus  
  59  11:28  Observer  
  59  11:41  Observer  
  46  12:17  Observer  
Show
View Real Time Build Order
Export as new Build Order

Zoun Protoss - Winner!

Build Orders: Phoenix Opening, Blink Stalkers, Zealot Archon 

Get SALT Encoding   

  12  0:00  Probe  
  13  0:12  Probe  
  14  0:17  Pylon  
  14  0:25  Probe (Chrono Boost)  
  16  0:37  Probe (Chrono Boost)  
  16  0:38  Gateway  
  16  0:42  Probe (Chrono Boost)  
  16  0:45  Assimilator  
  17  0:51  Probe  
  17  0:53  Assimilator  
  18  1:03  Probe (Chrono Boost)  
  19  1:09  Gateway  
  19  1:14  Probe (Chrono Boost)  
  20  1:18  Probe (Chrono Boost)  
  20  1:24  Cybernetics Core  
  21  1:29  Probe  
  22  1:34  Pylon  
  22  1:41  Probe  
  23  1:53  Probe  
  24  1:58  Warp Gate (Chrono Boost)  
  24  2:01  Stalker x2  
  28  2:08  Pylon  
  28  2:20  Probe  
  29  2:31  Stalker x2  
  33  2:55  Nexus  
  33  3:01  Twilight Council  
  33  3:06  Probe  
  33  3:11  Shield Battery  
  34  3:20  Probe  
  34  3:21  Pylon  
  35  3:41  Blink (Chrono Boost)  
  35  3:48  Sentry x2  
  35  3:50  Probe (Chrono Boost)  
  40  3:59  Phoenix  
  40  4:01  Probe (Chrono Boost)  
  41  4:05  Robotics Facility  
  41  4:09  Probe (Chrono Boost)  
  43  4:10  Probe (Chrono Boost)  
  43  4:11  Shield Battery  
  43  4:16  Probe (Chrono Boost)  
  45  4:17  Stalker  
  45  4:19  Probe (Chrono Boost)  
  45  4:21  Probe (Chrono Boost)  
  48  4:28  Forge  
  48  4:29  Probe  
  49  4:33  Probe  
  49  4:35  Stalker  
  52  4:41  Probe  
  52  4:44  Stalker  
  52  4:45  Probe  
  56  4:53  Probe  
  56  4:57  Probe, Phoenix  
  56  4:58  Pylon  
  58  5:02  Observer  
  58  5:04  Protoss Ground Weapons Level 1 (Chrono Boost)  
  58  5:05  Probe  
  60  5:09  Probe  
  61  5:15  Nexus  
  61  5:18  Pylon  
  61  5:21  Assimilator  
  61  5:24  Charge (Chrono Boost)  
  61  5:25  Stalker  
  63  5:31  Assimilator  
  63  5:32  Probe  
  63  5:34  Probe  
  65  5:40  Observer  
  66  5:43  Gateway  
  66  5:46  Gateway  
  66  5:53  Probe, Observer  
  67  5:59  Probe  
  68  6:05  Probe  
  68  6:07  Gateway  
  68  6:10  Gateway  
  70  6:11  Probe  
  70  6:14  Pylon, Observer  
  70  6:17  Probe  
  71  6:21  Templar Archives  
  71  6:23  Gateway  
  71  6:26  Gateway  
  71  6:32  Probe, Pylon  
  72  6:33  Probe x2  
  72  6:34  Observer  
  74  6:49  Warp Prism, Zealot x4  
  84  6:55  Pylon  
  84  7:02  High Templar  
  84  7:04  Pylon  
  84  7:08  High Templar  
  88  7:09  High Templar x2, Zealot  
  88  7:10  Zealot  
  88  7:13  Archon x2  
  96  7:17  Shield Battery  
  96  7:19  Zealot, Shield Battery x2  
  98  7:23  Zealot  
  98  7:32  Zealot x2  
  98  7:33  Zealot  
  98  7:34  Zealot  
  98  7:44  Zealot x4  
  89  7:57  Immortal (Chrono Boost)  
  89  7:58  Zealot x3  
  89  7:59  Zealot  
  95  8:10  Stalker  
  95  8:11  Stalker x2  
  101  8:14  Stalker  
  101  8:19  Pylon  
  103  8:24  Probe  
  104  8:36  Stalker x3  
  101  8:50  Zealot  
  101  8:51  Zealot x4  
  111  9:03  High Templar x2, Stalker  
  111  9:06  Archon  
  117  9:19  Zealot x5  
  127  9:26  Observer (Chrono Boost)  
  128  9:34  Stalker  
  128  9:35  Stalker x2  
  131  9:45  Pylon  
  125  9:49  Nexus  
  125  9:51  Pylon  
  100  10:29  Nexus  
  58  12:18  Probe (Chrono Boost)  
  59  12:28  Probe (Chrono Boost)  
  59  12:33  Probe (Chrono Boost)  
  58  12:43  Gateway  
  58  12:44  Gateway  
  58  12:45  Pylon  
  54  13:03  Probe  

Tags
 
Add a new tag
Caveats
  • Supply blocks, unpowered buildings, or Contaminate may cause inaccurate times.
  • Supply counts are checked every 10 seconds.